 Dungeon Crawl Stone Soup version 0.20.1-1-g8b1a95d (webtiles) character file.

17 dvd the Firebug (level 2, -1/17 HPs)
             Began as an Octopode Fire Elementalist on Sept 11, 2017.
             Slain by an adder (4 damage)
             ... on level 2 of the Dungeon.
             The game lasted 00:01:50 (1187 turns).

dvd the Firebug (Octopode Fire Elementalist)        Turns: 1187, Time: 00:01:51

Health: -1/17      AC:  1    Str:  7    XL:     2   Next: 62%
Magic:  2/5        EV: 12    Int: 17    God:
Gold:   87         SH:  3    Dex: 12    Spells: 2/5 levels left

rFire    . . .     SeeInvis .   (no weapon)
rCold    . . .     Gourm    .   h - +0 buckler
rNeg     . . .     Faith    .   (helmet restricted)
rPois    .         Spirit   .   (no amulet)
rElec    .         Reflect  .   (no ring)
rCorr    .         Harm     .   (no ring)
MR       .....                  (no ring)
Stlth    +++.......             (no ring)
Regen    0.1/turn               (no ring)
MPRegen  0.1/turn               (no ring)
                                (no ring)
                                (no ring)

@: very slightly contaminated
A: almost no armour, stealthy swim, amphibious, 8 rings, constrict 8, camouflage
1, gelatinous body 1
a: no special abilities


You were on level 2 of the Dungeon.
You were not hungry.

You visited 1 branch of the dungeon, and saw 2 of its levels.

You collected 87 gold pieces.

Inventory:

Armour
 h - a +0 buckler (worn)
Scrolls
 c - 2 scrolls of identify {unknown}
 f - 3 scrolls of enchant weapon {unknown}
Potions
 d - 2 potions of brilliance {unknown}
 e - 2 potions of flight {unknown}
Books
 a - a book of Flames

   Spells                             Type                      Level
   a - Flame Tongue                   Conjuration/Fire             1
   b - Throw Flame                    Conjuration/Fire             2
   c - Conjure Flame                  Conjuration/Fire             3
   d - Inner Flame                    Hexes/Fire                   3
   e - Sticky Flame                   Conjuration/Fire             4
   f - Fireball                       Conjuration/Fire             5
Comestibles
 b - 2 bread rations
 g - 4 chunks of flesh
 i - 3 fruits


   Skills:
 + Level 2.2 Dodging
 + Level 2.9 Stealth
 + Level 2.1 Spellcasting
 + Level 1.0 Conjurations
 + Level 3.4 Fire Magic


You had 2 spell levels left.
You knew the following spells:

 Your Spells              Type           Power        Failure   Level  Hunger
a - Flame Tongue          Conj/Fire      #....        13%         1    #......
b - Throw Flame           Conj/Fire      #.....       19%         2    ###....


Dungeon Overview and Level Annotations

Branches:
Dungeon (2/15)

Altars:


Innate Abilities, Weirdness & Mutations

You cannot wear most types of armour.
You are very stealthy in the water. (Stealth+)
You are amphibious.
You can wear up to eight rings at the same time.
You can use your tentacles to constrict eight enemies at once.
Your skin changes colour to match your surroundings (Stealth+).
Your rubbery body absorbs attacks. (AC +1, EV +1)


Message History

You miscast Flame Tongue.
You are very lightly contaminated with residual magic.
Wisps of smoke drift from your tentacles.
The adder bites you.
You barely miss the adder. Your grab misses the adder.
The adder is lightly wounded.
The adder barely misses you. You block the adder's attack.
You miss the adder. Your grab misses the adder.
The adder is lightly wounded.
The adder bites you.
You tentacle-slap the adder. Your grab misses the adder.
The adder is moderately wounded.
The adder bites you.
* * * LOW HITPOINT WARNING * * *
You closely miss the adder. Your grab misses the adder.
The adder is moderately wounded.
The adder bites you.
* * * LOW HITPOINT WARNING * * *
The adder bites you.
You die...

..###.##..<..#
..###.##.....##.##
...##........# ..$
..#.####.....# ..#
.###.# #.....##...
###.## ##......#.#
.#.## #.####.#.#
#.#######.####.#S#
#.# #........#.#@#
#.###.###.##.....#
........(.####.###
..#...##....(..#
......##.#######
.##..###.#
.##..###.#
.......(.#
.#########


You could see an adder.

Vanquished Creatures
  A leopard gecko (D:1)
  2 giant cockroaches
  3 goblins (D:1)
  3 hobgoblins
  3 bats (D:1)
  2 frilled lizards (D:1)
  A rat (D:1)
15 creatures vanquished.

Notes
Turn   | Place    | Note
-------+----------+-------------------------------------------
     0 | D:1      | dvd the Octopode Fire Elementalist began the quest for the Orb.
     0 | D:1      | Reached XP level 1. HP: 11/11 MP: 3/3
   536 | D:1      | Reached XP level 2. HP: 12/17 MP: 3/5
   976 | D:1      | Learned a level 2 spell: Throw Flame
  1187 | D:2      | Slain by an adder

Action                   || total
-------------------------++-------
Melee: Unarmed           ||    21
       Constrict         ||     5
       Tentacles         ||     3
 Cast: Flame Tongue      ||    19
       Throw Flame       ||     1
 Stab: Sleeping          ||     4
  Eat: Chunk             ||     1
Armor: Skin              ||     2
Dodge: Dodged            ||    14
Block: Buckler           ||     3
